 Dungeon Crawl Stone Soup version 0.20.1-1-g8b1a95d (webtiles) character file.

253 KoningWillie the Slasher (level 5, -3/47 HPs)
             Began as a Minotaur Fighter on Oct 30, 2017.
             Was a Follower of Fedhas.
             Slain by a gnoll
             ... wielding a +0 halberd
              (11 damage)
             ... on level 7 of the Dungeon.
             The game lasted 00:07:36 (3069 turns).

KoningWillie the Slasher (Minotaur Fighter)         Turns: 3069, Time: 00:07:38

Health: -3/47      AC:  7    Str: 22    XL:     5   Next: 90%
Magic:  4/4        EV:  9    Int:  5    God:    Fedhas [*.....]
Gold:   28         SH: 12    Dex:  9    Spells: 4/4 levels left

rFire    . . .     SeeInvis .   a - +0 long sword
rCold    . . .     Gourm    .   c - +0 shield
rNeg     . . .     Faith    .   e - +0 ring mail
rPois    .         Spirit   .   (helmet restricted)
rElec    .         Reflect  +   q - +0 cloak
rCorr    .         Harm     .   (no gloves)
MR       .....                  (no boots)
Stlth    ..........             k - +3 amulet of reflection
Regen    0.2/turn               (no ring)
MPRegen  0.1/turn               (no ring)

@: very slightly contaminated
A: retaliatory headbutt, horns 2
a: Fungal Bloom, Evolution, Renounce Religion


You were on level 7 of the Dungeon.
You worshipped Fedhas.
Fedhas was aware of your devotion.
You were not hungry.

You visited 1 branch of the dungeon, and saw 6 of its levels.

You collected 132 gold pieces.
You spent 104 gold pieces at shops.

Inventory:

Hand Weapons
 a - a +0 long sword (weapon)
Armour
 b - a +0 scale mail
 c - a +0 shield (worn)
 e - a +0 ring mail (worn)
 q - a +0 cloak (worn)
Jewellery
 j - an uncursed amulet of the gourmand
 k - a +3 amulet of reflection (around neck)
 s - an uncursed ring of protection from cold
Wands
 o - a wand of digging (14/24)
Scrolls
 l - 2 scrolls of teleportation
 p - a scroll of remove curse
Potions
 d - a potion of might
 i - a potion of heal wounds
 n - 2 potions of flight
 r - a potion of brilliance {unknown}
Books
 v - a book of Misfortune

   Spells                             Type                      Level
   a - Confusing Touch                Hexes                        1
   b - Confuse                        Hexes                        3
   c - Gell's Gravitas                Translocation                3
   d - Petrify                        Transmutation/Earth          4
   e - Metabolic Englaciation         Hexes/Ice                    5
   f - Yara's Violent Unravelling     Hexes/Transmutation          5
Comestibles
 f - 4 bread rations
 g - 2 meat rations
 h - 2 royal jellies


   Skills:
 + Level 4.3 Fighting
 + Level 4.8 Long Blades
 + Level 4.7 Armour
 + Level 2.0 Dodging
 + Level 0.3 Stealth
 + Level 4.7 Shields


You had 4 spell levels left.
You didn't know any spells.

Dungeon Overview and Level Annotations

Branches:
Dungeon (8/15)
 Temple: D:4-7         Lair: D:8-11

Altars:
Fedhas

Shops:
D:4 *

Annotations:
D:8 Joseph


Innate Abilities, Weirdness & Mutations

You reflexively headbutt those who attack you in melee.
You have a pair of horns on your head.


Message History

As you read the scroll of blinking, it crumbles to dust.
A bullfrog and an orc come into view.
The orc shouts!
The bullfrog croaks.
You block the bullfrog's attack.
The kobold wields a blowgun.
The kobold shoots a poisoned needle.
The poisoned needle barely misses you. You block the bullfrog's attack.
The howler monkey hoots and howls with incredible vigour!
You see here a poisoned needle.
A quokka comes into view.
You block the bullfrog's attack. x2
You see here a stone.
There is a stone staircase leading up here.
You block the bullfrog's attack. The bullfrog closely misses you.
You climb upwards.
The gnoll shouts!
A jackal comes into view.
You hear a shout! x2
The gnoll hits you from afar with a halberd!
You die...
Fedhas appreciates your contribution to the ecosystem.

..... ... ....g
..h. .....#
#.... ......#
#.....
.......##......
.........g..#
...........##
.......@....#
.......F.#..#
..........# .#
..........#
.........##
.......###
......# ##...#


You could see a bullfrog, 2 gnolls and a jackal.

Vanquished Creatures
  A scorpion (D:8)
  A hound (D:4)
  2 worker ants
  2 gnolls (D:7)
  3 adders
  3 worms
  A dart slug (D:3)
  5 leopard geckos
  An orc (D:4)
  2 giant cockroaches
  7 goblins
  8 hobgoblins
  9 jackals
  A ball python (D:2)
  6 bats
  3 frilled lizards
  9 kobolds
  9 rats
73 creatures vanquished.

Vanquished Creatures (others)
  6 toadstools (D:3)
6 creatures vanquished.

Grand Total: 79 creatures vanquished

Notes
Turn   | Place    | Note
-------+----------+-------------------------------------------
     0 | D:1      | KoningWillie the Minotaur Fighter began the quest for the Orb.
     0 | D:1      | Reached XP level 1. HP: 19/19 MP: 0/0
   138 | D:1      | Reached XP level 2. HP: 27/27 MP: 1/1
   898 | D:2      | Reached XP level 3. HP: 29/33 MP: 2/2
  1462 | D:2      | Reached skill level 1 in Dodging
  1536 | D:2      | Reached XP level 4. HP: 40/40 MP: 3/3
  1903 | D:3      | Found a blossoming altar of Fedhas.
  1933 | D:3      | Became a worshipper of Fedhas Madash
  2725 | D:4      | Reached XP level 5. HP: 43/46 MP: 4/4
  2787 | D:4      | Found Pommeze's General Store.
  2824 | D:4      | Bought a scroll of blinking for 82 gold pieces
  2824 | D:4      | Bought a scroll of identify for 22 gold pieces
  2988 | D:4      | You fall through a shaft for 3 floors!
  3028 | D:7      | Noticed Joseph
  3060 | D:7      | Reached * piety under Fedhas
  3069 | D:7      | Slain by a gnoll

Skill      XL: |  1  2  3  4  5 |
---------------+----------------+-----
Armour         | 4 |  4.7
Fighting       | 4 |  4.3
Shields        | 4 |  4.7
Long Blades    | 3 4 |  4.8
Dodging        | 1 2 |  2.0
Stealth        | |  0.3

Action                   |  1- 3 |  4- 6 || total
-------------------------+-------+-------++-------
Melee: Long sword        |    83 |    87 ||   170
       Headbutt          |    12 |    22 ||    34
Invok: Fungal Bloom      |       |     4 ||     4
  Use: Scroll            |       |    10 ||    10
  Eat: Meat ration       |     1 |     1 ||     2
Armor: Scale mail        |    14 |       ||    14
       Ring mail         |    26 |    33 ||    59
Dodge: Dodged            |    33 |    28 ||    61
Block: Shield            |    53 |    68 ||   121
       Reflection        |       |     2 ||     2
       Rpst.: Long sword |     6 |     4 ||    10
